Rocket vs Reign

Created - July 19, 2022 at 21:17

Goals
1 2 3 T
Rocket 1 2 1 4
Reign 1 0 1 2
Shots
1 2 3 T
Rocket 6 12 6 24
Reign 11 16 4 31

1st period

1. Reign , Vince Hinostroza 8 (Nikita Tryamkin 2, Jordan Schmaltz 6) at 14:09
2. Rocket , Corey Trivino 4 (Mattias Tedenby 8, Brandon Pirri 4) at 14:37

Penalties :
Andrei Mironov (Lav) for Slashing (Double Minor) at 0:55, Jack Roslovic (Ont) for Cross-checking (Minor) at 9:56, Jean-Francois Berube (Ont) for Delaying the game (Minor) at 19:31 - Jack Dougherty served the penalty

2nd period

3. Rocket , Dominic Turgeon 3 (Adrian Kempe 2, Viktor Loov 3) at 7:31
4. Rocket , Corey Trivino 5 (Mattias Tedenby 9) at 11:29

Penalties :
Brandon Pirri (Lav) for Slashing (Minor) at 13:26, Jack Roslovic (Ont) for Roughing (Double Minor) at 17:49

3rd period

5. Reign , Joachim Blichfeld 2 (Jack Dougherty 1) at 4:48
6. Rocket , Mattias Tedenby 6 (Corey Trivino 8) at 18:47 (PP)

Penalties :
Timo Meier (Ont) for Hooking (Minor) at 6:50, A.J. Jenks (Ont) for Charging (Minor) at 18:46, Jiri Sekac (Lav) for Hooking (Minor) at 19:35

Goalie Stats

Igor Shesterkin (Lav), 29 saves from 31 shots - (0.935), W, 6-2-0, 60:00 minutes
Jean-Francois Berube (Ont), 20 saves from 24 shots - (0.833), L, 4-1-0, 60:00 minutes

Players Stats for Rocket

Player Name              G  A  P  +/- PIM S  H  SB GA TA FO     MP     PP MP  PK MP  
------------------------------------------------------------------------------------
Adam Fox                 0  0  0   1  0   2  0  1  1  0  0/0    20:39   5:57   1:20 
Adrian Kempe             0  1  1   0  0   3  2  0  1  0  0/0    16:50   4:23   1:46 
Andrei Mironov           0  0  0   1  4   1  0  0  0  0  0/0    18:18   4:00   1:06 
Andrey Pedan             0  0  0  -1  0   1  1  0  0  1  0/0    18:47   4:00   2:20 
Brandon Pirri            0  1  1   2  2   0  3  0  1  1  1/1    21:19   5:31   0:43 
Corey Trivino            2  1  3   2  0   3  2  0  1  0  12/33  21:59   5:31   1:22 
Danton Heinen            0  0  0   0  0   1  2  0  0  0  0/0    14:59   4:23   0:00 
Dean Kukan               0  0  0   2  0   0  0  0  0  0  0/0    21:13   0:00   3:09 
Dominic Turgeon          1  0  1   1  0   4  0  0  0  1  4/13   14:06   0:03   2:54 
Dylan DeMelo             0  0  0  -2  0   1  0  2  1  0  0/0    14:16   0:00   3:09 
Jakub Vrana              0  0  0  -2  0   0  0  0  0  0  0/0     7:22   0:03   0:12 
Jiri Sekac               0  0  0   1  2   1  3  0  0  0  0/0    13:21   0:00   2:30 
Karson Kuhlman           0  0  0  -2  0   1  1  1  0  0  4/5     8:44   0:00   1:54 
Kole Sherwood            0  0  0   1  0   0  5  0  1  0  1/1    10:29   0:00   0:00 
Mattias Tedenby          1  2  3   2  0   3  0  0  1  0  3/4    20:32   5:31   0:00 
Peter Holland            0  0  0   0  0   0  1  0  0  0  4/9    15:11   4:23   0:12 
Ty Rattie                0  0  0  -2  0   2  1  0  1  0  0/0     9:04   0:03   1:54 
Viktor Loov              0  1  1   1  0   1  2  0  1  1  0/0    26:26   5:57   0:57 

Players Stats for Reign

Player Name              G  A  P  +/- PIM S  H  SB GA TA FO     MP     PP MP  PK MP  
------------------------------------------------------------------------------------
A.J. Jenks               0  0  0  -1  2   1  1  0  0  0  0/0    15:06   1:20   1:47 
Brendan Gaunce           0  0  0  -1  0   2  3  2  0  2  14/23  20:35   2:55   5:35 
Brendan Guhle            0  0  0   0  0   0  0  0  0  0  0/0    11:22   0:32   0:00 
Christian Dvorak         0  0  0   0  0   1  0  1  0  0  0/0    18:24   2:10   5:34 
Dylan Blujus             0  0  0   0  0   0  1  2  0  0  0/0    20:00   2:28   3:42 
Jack Dougherty           0  1  1   0  0   1  0  0  0  0  0/0    12:46   0:32   0:18 
Jack Roslovic            0  0  0   1  6   3  2  0  0  1  10/18  15:42   2:28   1:40 
Jacob Josefson           0  0  0   0  0   1  0  0  0  0  5/8    13:03   0:48   2:19 
Jakob Chychrun           0  0  0  -1  0   0  0  0  0  0  0/0     5:39   0:00   0:00 
Joachim Blichfeld        1  0  1  -1  0   5  0  0  2  0  0/0    10:36   0:13   0:13 
Joel Eriksson Ek         0  0  0  -1  0   0  2  0  0  0  6/13   10:39   0:00   0:23 
Jordan Schmaltz          0  1  1   0  0   1  0  3  0  1  0/0    22:59   3:22   6:15 
Josh Anderson            0  0  0  -1  0   0  1  0  0  1  0/0    10:50   0:59   0:00 
Logan Stanley            0  0  0  -1  0   0  0  0  0  0  0/0     5:39   0:00   0:00 
Matthew Tkachuk          0  0  0   0  0   3  2  0  0  0  0/1    10:14   0:00   0:00 
Nikita Tryamkin          0  1  1   0  0   0  0  1  1  1  0/0    21:41   3:22   5:57 
Thomas Chabot            0  0  0   0  0   1  2  3  0  1  0/0    20:00   2:28   3:42 
Timo Meier               0  0  0   1  2   3  0  0  0  0  0/1    17:03   2:50   2:23 
Tyler Pitlick            0  0  0  -1  0   4  1  0  1  0  2/2    13:55   2:55   0:00 
Vince Hinostroza         1  0  1   1  0   5  0  0  0  2  0/0    13:46   2:28   0:00 

3 Stars

1 - Corey Trivino (Lav)
2 - Mattias Tedenby (Lav)
3 - Dominic Turgeon (Lav)

Power Play

Rocket - 1 on 6 Attempt(s) - 16.67%
Reign - 0 on 4 Attempt(s) - 0.00%

Penalty Kill

Rocket - 4 on 4 Attempt(s) - 100.00% - Score 0 goal in Penalty Kill
Reign - 5 on 6 Attempt(s) - 83.33% - Score 0 goal in Penalty Kill

Team Stat

Rocket - Hits : 23 - Faceoff Wins : 29 - Blocked Shots : 4 - Penalty Minutes : 8
Reign - Hits : 15 - Faceoff Wins : 37 - Blocked Shots : 12 - Penalty Minutes : 12

Official

Referees : Reid Anderson and Tom Chmielewski
Linesman : Ryan Gibbons and Tony Sericolo

Game Notes

No Game Note

Finance

Level 1 -- Attendance: 2000 (100.00%) -- Ticket Income $70,000
Level 2 -- Attendance: 1000 (100.00%) -- Ticket Income $15,000
Total Attendance: 3000 (100.00%)
Total Ticket Income: $85,000
Other Income: $4,250
Total Income: $89,250

Rocket

5 vs 5 Forward 
   Center                   Left Wing                Right Wing               Time % Phy DF OF 
 1 Corey Trivino            Brandon Pirri            Mattias Tedenby          40     0   1  4  
 2 Peter Holland            Adrian Kempe             Danton Heinen            30     0   1  4  
 3 Dominic Turgeon          Jiri Sekac               Kole Sherwood            20     0   3  2  
 4 Karson Kuhlman           Jakub Vrana              Ty Rattie                10     1   2  2  

5 vs 5 Defense 
   Defense                  Defense                                           Time % Phy DF OF 
 1 Viktor Loov              Dean Kukan                                        40     1   2  2  
 2 Adam Fox                 Andrei Mironov                                    30     1   2  2  
 3 Dylan DeMelo             Andrey Pedan                                      20     1   2  2  
 4 Viktor Loov              Adam Fox                                          10     1   2  2  

PowerPlay Forward 
   Center                   Left Wing                Right Wing               Time % Phy DF OF 
 1 Corey Trivino            Brandon Pirri            Mattias Tedenby          60     0   1  4  
 2 Peter Holland            Adrian Kempe             Danton Heinen            40     0   1  4  

PowerPlay Defense
   Defense                  Defense                                           Time % Phy DF OF 
 1 Viktor Loov              Adam Fox                                          60     0   1  4  
 2 Andrey Pedan             Andrei Mironov                                    40     0   1  4  

Penalty Kill 4 Players Forward 
   Center                   Wing                     Time % Phy DF OF 
 1 Dominic Turgeon          Jiri Sekac               60     0   4  1  
 2 Karson Kuhlman           Ty Rattie                40     0   4  1  

Penalty Kill 4 Players Defense
   Defense                  Defense                  Time % Phy DF OF 
 1 Dylan DeMelo             Dean Kukan               60     0   5  0  
 2 Andrey Pedan             Andrei Mironov           40     0   5  0  

Penalty Kill - 3 Players Forward 
   Forward                                           Time % Phy DF OF 
 1 Dominic Turgeon                                   60     0   5  0  
 2 Corey Trivino                                     40     0   5  0  

Penalty Kill - 3 Players Defense
   Defense                  Defense                  Time % Phy DF OF 
 1 Andrei Mironov           Andrey Pedan             60     0   5  0  
 2 Dylan DeMelo             Viktor Loov              40     0   5  0  

4 vs 4 Forward 
   Center                   Wing                     Time % Phy DF OF 
 1 Mattias Tedenby          Corey Trivino            60     0   2  3  
 2 Brandon Pirri            Adrian Kempe             40     0   2  3  

4 vs 4 Defense
   Defense                  Defense                  Time % Phy DF OF 
 1 Viktor Loov              Adam Fox                 60     0   2  3  
 2 Andrey Pedan             Dylan DeMelo             40     0   2  3  

Last Minutes Offensive
   Center                   Left Wing                Right Wing               Defense                  Defense                  
   Corey Trivino            Brandon Pirri            Mattias Tedenby          Viktor Loov              Adam Fox                 

Last Minutes Defensive
   Center                   Left Wing                Right Wing               Defense                  Defense                  
   Corey Trivino            Brandon Pirri            Mattias Tedenby          Andrei Mironov           Dean Kukan               

Goaltenders
Starting : Igor Shesterkin          
Backup : Sami Aittokallio         

Extra Forwards
Normal : Danton Heinen, Adrian Kempe, Mattias Tedenby - PP : Mattias Tedenby, Danton Heinen - PK : Dominic Turgeon
Extra Defensemen
Normal : Viktor Loov, Adam Fox, Andrey Pedan - PP : Adam Fox - PK : Dylan DeMelo, Andrey Pedan
Penalty Shots
Mattias Tedenby, Corey Trivino, Brandon Pirri, Adrian Kempe, Danton Heinen

Scratches
Branden Troock (Healthy), Daniel Sprong (Healthy), Guillaume Brisebois (Healthy), Jack Glover (Healthy), Luca Sbisa (Torn Right MCL Injury)
Mason Appleton (Healthy), Ryan Collins (Healthy), Sergey Tolchinsky (Healthy), Tyler Lewington (Healthy), Luke Kunin (Healthy)
Mikhail Maltsev (Healthy)

Reign

5 vs 5 Forward 
   Center                   Left Wing                Right Wing               Time % Phy DF OF 
 1 Brendan Gaunce           A.J. Jenks               Tyler Pitlick            30     1   2  2  
 2 Jack Roslovic            Timo Meier               Vince Hinostroza         30     1   2  2  
 3 Jacob Josefson           Christian Dvorak         Matthew Tkachuk          20     1   2  2  
 4 Joel Eriksson Ek         Joachim Blichfeld        Josh Anderson            20     1   2  2  

5 vs 5 Defense 
   Defense                  Defense                                           Time % Phy DF OF 
 1 Jordan Schmaltz          Nikita Tryamkin                                   30     1   3  1  
 2 Dylan Blujus             Thomas Chabot                                     30     1   2  2  
 3 Brendan Guhle            Jack Dougherty                                    25     1   2  2  
 4 Jakob Chychrun           Logan Stanley                                     15     1   2  2  

PowerPlay Forward 
   Center                   Left Wing                Right Wing               Time % Phy DF OF 
 1 Brendan Gaunce           Timo Meier               Tyler Pitlick            60     1   2  2  
 2 Jack Roslovic            Christian Dvorak         Vince Hinostroza         40     1   2  2  

PowerPlay Defense
   Defense                  Defense                                           Time % Phy DF OF 
 1 Jordan Schmaltz          Nikita Tryamkin                                   60     1   2  2  
 2 Dylan Blujus             Thomas Chabot                                     40     1   2  2  

Penalty Kill 4 Players Forward 
   Center                   Wing                     Time % Phy DF OF 
 1 Brendan Gaunce           Christian Dvorak         60     1   2  2  
 2 Jack Roslovic            Timo Meier               40     1   2  2  

Penalty Kill 4 Players Defense
   Defense                  Defense                  Time % Phy DF OF 
 1 Jordan Schmaltz          Nikita Tryamkin          60     1   2  2  
 2 Dylan Blujus             Thomas Chabot            40     1   2  2  

Penalty Kill - 3 Players Forward 
   Forward                                           Time % Phy DF OF 
 1 Brendan Gaunce                                    60     2   3  0  
 2 Jack Roslovic                                     40     2   3  0  

Penalty Kill - 3 Players Defense
   Defense                  Defense                  Time % Phy DF OF 
 1 Jordan Schmaltz          Nikita Tryamkin          60     3   2  0  
 2 Dylan Blujus             Thomas Chabot            40     3   2  0  

4 vs 4 Forward 
   Center                   Wing                     Time % Phy DF OF 
 1 Brendan Gaunce           Timo Meier               60     1   2  2  
 2 Jack Roslovic            Christian Dvorak         40     1   2  2  

4 vs 4 Defense
   Defense                  Defense                  Time % Phy DF OF 
 1 Jordan Schmaltz          Nikita Tryamkin          60     1   2  2  
 2 Dylan Blujus             Thomas Chabot            40     1   2  2  

Last Minutes Offensive
   Center                   Left Wing                Right Wing               Defense                  Defense                  
   Brendan Gaunce           Christian Dvorak         Tyler Pitlick            Jordan Schmaltz          Nikita Tryamkin          

Last Minutes Defensive
   Center                   Left Wing                Right Wing               Defense                  Defense                  
   Brendan Gaunce           Christian Dvorak         Tyler Pitlick            Jordan Schmaltz          Nikita Tryamkin          

Goaltenders
Starting : Jean-Francois Berube     
Backup : Ilya Samsonov            

Extra Forwards
Normal : Brendan Gaunce, A.J. Jenks, Jack Roslovic - PP : Brendan Gaunce, A.J. Jenks - PK : Brendan Gaunce
Extra Defensemen
Normal : Jack Dougherty, Jakob Chychrun, Logan Stanley - PP : Jack Dougherty - PK : Jack Dougherty, Jakob Chychrun
Penalty Shots
Christian Dvorak, Tyler Pitlick, Timo Meier, Vince Hinostroza, Brendan Gaunce

Scratches
Adam Ollas-Mattsson (Healthy), Blake Lizotte (Healthy), Bokondji Imama (Healthy), Joel Vermin (Healthy), Nikita Gusev (Healthy)
Shane Prince (Healthy), Trevor Moore (Healthy), Blake Hillman (Healthy), Michael Pezzetta (Healthy), Austin Czarnik (Healthy)
Cal Petersen (Healthy), Jordan Binnington (Healthy)

% Time on Ice - Rocket

Lines # - Real PCT - Wanted PCT - Time Play
Normal Forward
1 - 36% - 40% - 15:46
2 - 24% - 30% - 10:36
3 - 24% - 20% - 10:29
4 - 16% - 10% - 6:50
Normal Defense
1 - 43% - 40% - 18:53
2 - 30% - 30% - 12:56
3 - 24% - 20% - 10:33
4 - 3% - 10% - 1:19
PP Forward
1 - 56% - 60% - 5:34
2 - 44% - 40% - 4:23
PP Defense
1 - 60% - 60% - 5:57
2 - 40% - 40% - 4:00
PK Forward
1 - 66% - 60% - 4:13
2 - 34% - 40% - 2:09
PK Defense
1 - 42% - 60% - 2:42
2 - 58% - 40% - 3:40
PK3 Forward
1 - 0% - 60%
2 - 0% - 40%
PK3 Defense
1 - 0% - 60%
2 - 0% - 40%
44 Forward
1 - 0% - 60%
2 - 0% - 40%
44 Defense
1 - 0% - 60%
2 - 0% - 40%
Last Minute Offensive  - 0:00
Last Minute Defensive  - 0:00
Total
Forward - 60:00
Defense - 60:00

% Time on Ice - Reign

Lines # - Real PCT - Wanted PCT - Time Play
Normal Forward
1 - 28% - 30% - 12:18
2 - 26% - 30% - 11:19
3 - 23% - 20% - 9:55
4 - 23% - 20% - 10:09
Normal Defense
1 - 31% - 30% - 13:22
2 - 32% - 30% - 13:50
3 - 25% - 25% - 10:50
4 - 13% - 15% - 5:39
PP Forward
1 - 56% - 60% - 3:35
2 - 44% - 40% - 2:47
PP Defense
1 - 61% - 60% - 3:54
2 - 39% - 40% - 2:28
PK Forward
1 - 70% - 60% - 7:00
2 - 30% - 40% - 2:57
PK Defense
1 - 63% - 60% - 6:15
2 - 37% - 40% - 3:42
PK3 Forward
1 - 0% - 60%
2 - 0% - 40%
PK3 Defense
1 - 0% - 60%
2 - 0% - 40%
44 Forward
1 - 0% - 60%
2 - 0% - 40%
44 Defense
1 - 0% - 60%
2 - 0% - 40%
Last Minute Offensive  - 0:00
Last Minute Defensive  - 0:00
Total
Forward - 60:00
Defense - 60:00

Play-by-Play

1st period


0:01 of 1st period - Brendan Gaunce wins face-off versus Corey Trivino in neutral zone.
0:13 of 1st period - Snap shot by Brendan Gaunce.
0:13 of 1st period - Stopped by Igor Shesterkin without a rebound.
0:14 of 1st period - Peter Holland wins face-off versus Jack Roslovic in Rocket zone.
0:23 of 1st period - Wrist shot by Danton Heinen.
0:23 of 1st period - Stopped by Jean-Francois Berube without a rebound.
0:24 of 1st period - Jack Roslovic wins face-off versus Peter Holland in Reign zone.
0:55 of 1st period - Double Minor Penalty to Andrei Mironov for Slashing.
0:56 of 1st period - Tyler Pitlick wins face-off versus Dominic Turgeon in Rocket zone.
2:24 of 1st period - Dominic Turgeon is hit by Dylan Blujus and loses puck.
3:12 of 1st period - Nikita Tryamkin is hit by Adrian Kempe and loses puck.
4:55 of 1st period - Penalty to Andrei Mironov is over, Andrei Mironov is back on ice.
5:11 of 1st period - Logan Stanley is hit by Jiri Sekac.
5:21 of 1st period - Jacob Josefson is hit by Viktor Loov and loses puck.
7:54 of 1st period - Snap shot by Ty Rattie.
7:54 of 1st period - Stopped by Jean-Francois Berube without a rebound.
7:55 of 1st period - Karson Kuhlman wins face-off versus Jack Roslovic in Reign zone.
8:23 of 1st period - Backhand shot by Tyler Pitlick.
8:23 of 1st period - Stopped by Igor Shesterkin with a rebound.
8:53 of 1st period - Snap shot by Matthew Tkachuk.
8:53 of 1st period - Stopped by Igor Shesterkin with a rebound.
9:11 of 1st period - Wrist shot by Adrian Kempe.
9:11 of 1st period - Stopped by Jean-Francois Berube with a rebound.
9:13 of 1st period - Slapshot by Adam Fox.
9:13 of 1st period - Shot Blocked by Jordan Schmaltz.
9:15 of 1st period - Snap shot by Adrian Kempe.
9:15 of 1st period - Shot Misses the Net.
9:29 of 1st period - Wrist shot by Karson Kuhlman.
9:29 of 1st period - Stopped by Jean-Francois Berube without a rebound.
9:30 of 1st period - Brendan Gaunce wins face-off versus Karson Kuhlman in Reign zone.
9:37 of 1st period - Wrist shot by Ty Rattie.
9:37 of 1st period - Shot Misses the Net.
9:56 of 1st period - Minor Penalty to Jack Roslovic for Cross-checking.
9:57 of 1st period - Brendan Gaunce wins face-off versus Corey Trivino in Reign zone.
10:07 of 1st period - Wrist shot by Mattias Tedenby.
10:07 of 1st period - Deflect By Corey Trivino.
10:07 of 1st period - Shot Misses the Net.
10:07 of 1st period - Puck is out of play.
10:08 of 1st period - Corey Trivino wins face-off versus Brendan Gaunce in Reign zone.
10:33 of 1st period - Christian Dvorak is hit by Adrian Kempe and loses puck.
11:56 of 1st period - Penalty to Jack Roslovic is over, Jack Roslovic is back on ice.
11:57 of 1st period - A.J. Jenks is hit by Brandon Pirri and loses puck.
13:32 of 1st period - Peter Holland is hit by Joel Eriksson Ek and loses puck.
13:52 of 1st period - Matthew Tkachuk is hit by Kole Sherwood and loses puck.
14:03 of 1st period - Slapshot by Nikita Tryamkin.
14:03 of 1st period - Shot Blocked by Karson Kuhlman.
14:05 of 1st period - Snap shot by Vince Hinostroza.
14:05 of 1st period - Shot Misses the Net.
14:07 of 1st period - Snap shot by Vince Hinostroza.
14:07 of 1st period - Stopped by Igor Shesterkin with a rebound.
14:09 of 1st period - Snap shot by Vince Hinostroza.
14:09 of 1st period - Goal by Vince Hinostroza - Rocket : 0 - Reign : 1.
14:10 of 1st period - Corey Trivino wins face-off versus Brendan Gaunce in neutral zone.
14:22 of 1st period - Icing by Brandon Pirri.
14:23 of 1st period - Brendan Gaunce wins face-off versus Corey Trivino in Rocket zone.
14:26 of 1st period - Snap shot by Tyler Pitlick.
14:26 of 1st period - Stopped by Igor Shesterkin without a rebound.
14:27 of 1st period - Mattias Tedenby wins face-off versus Brendan Gaunce in Rocket zone.
14:27 of 1st period - Mattias Tedenby is hit by Brendan Gaunce.
14:35 of 1st period - Wrist shot by Mattias Tedenby.
14:35 of 1st period - Shot Misses the Net.
14:37 of 1st period - Slapshot by Corey Trivino.
14:37 of 1st period - Goal by Corey Trivino - Rocket : 1 - Reign : 1.
14:38 of 1st period - Brandon Pirri wins face-off versus Jack Roslovic in neutral zone.
14:45 of 1st period - Slapshot by Vince Hinostroza.
14:45 of 1st period - Stopped by Igor Shesterkin with a rebound.
15:03 of 1st period - Dean Kukan is hit by Tyler Pitlick and loses puck.
15:10 of 1st period - Snap shot by Brendan Gaunce.
15:10 of 1st period - Shot Misses the Net.
15:24 of 1st period - Slapshot by Jakub Vrana.
15:24 of 1st period - Deflect By Dylan Blujus.
15:24 of 1st period - Shot Blocked by Thomas Chabot.
15:24 of 1st period - Puck is out of play.
15:25 of 1st period - Karson Kuhlman wins face-off versus Jack Roslovic in Reign zone.
15:50 of 1st period - Andrey Pedan is hit by Matthew Tkachuk and loses puck.
16:16 of 1st period - Slapshot by Joachim Blichfeld.
16:16 of 1st period - Stopped by Igor Shesterkin without a rebound.
16:17 of 1st period - Joel Eriksson Ek wins face-off versus Corey Trivino in Rocket zone.
16:54 of 1st period - Viktor Loov is hit by Brendan Gaunce and loses puck.
17:33 of 1st period - Off-side.
17:34 of 1st period - Jacob Josefson wins face-off versus Corey Trivino in neutral zone.
18:04 of 1st period - Snap shot by Vince Hinostroza.
18:04 of 1st period - Deflect By Jack Roslovic.
18:04 of 1st period - Stopped by Igor Shesterkin without a rebound.
18:05 of 1st period - Brendan Gaunce wins face-off versus Peter Holland in Rocket zone.
18:10 of 1st period - Wrist shot by Tyler Pitlick.
18:10 of 1st period - Stopped by Igor Shesterkin without a rebound.
18:11 of 1st period - Brendan Gaunce wins face-off versus Corey Trivino in Rocket zone.
18:18 of 1st period - Snap shot by Tyler Pitlick.
18:18 of 1st period - Shot Misses the Net.
18:20 of 1st period - Wrist shot by Tyler Pitlick.
18:20 of 1st period - Shot Misses the Net.
18:22 of 1st period - Slapshot by Jack Dougherty.
18:22 of 1st period - Deflect By Corey Trivino.
18:22 of 1st period - Stopped by Igor Shesterkin with a rebound.
18:55 of 1st period - Off-side.
18:56 of 1st period - Dominic Turgeon wins face-off versus Jacob Josefson in neutral zone.
19:29 of 1st period - Wrist shot by Brandon Pirri.
19:29 of 1st period - Shot Blocked by Brendan Gaunce.
19:31 of 1st period - Slapshot by Corey Trivino.
19:31 of 1st period - Stopped by Jean-Francois Berube without a rebound.
19:31 of 1st period - Minor Penalty to Jean-Francois Berube for Delaying the game.
19:32 of 1st period - Corey Trivino wins face-off versus Brendan Gaunce in Reign zone.
19:37 of 1st period - Wrist shot by Brandon Pirri.
19:37 of 1st period - Shot Misses the Net.
19:39 of 1st period - Snap shot by Corey Trivino.
19:39 of 1st period - Shot Misses the Net.
19:41 of 1st period - Snap shot by Mattias Tedenby.
19:41 of 1st period - Shot Hit the Post.
19:43 of 1st period - Wrist shot by Adam Fox.
19:43 of 1st period - Shot Blocked by Jordan Schmaltz.
19:47 of 1st period - Wrist shot by Mattias Tedenby.
19:47 of 1st period - Shot Misses the Net.
Goals for this period are 1 for Rocket vs 1 for Reign.
Shots for this period are 6 for Rocket vs 11 for Reign.

2nd period


0:01 of 2nd period - Corey Trivino wins face-off versus Brendan Gaunce in neutral zone.
1:31 of 2nd period - Penalty to Jack Dougherty is over, Jack Dougherty is back on ice.
1:48 of 2nd period - Off-side.
1:49 of 2nd period - Dominic Turgeon wins face-off versus Joel Eriksson Ek in neutral zone.
1:53 of 2nd period - Icing by Josh Anderson.
1:54 of 2nd period - Joel Eriksson Ek wins face-off versus Dominic Turgeon in Reign zone.
2:03 of 2nd period - Snap shot by Joachim Blichfeld.
2:03 of 2nd period - Stopped by Igor Shesterkin with a rebound.
2:23 of 2nd period - Jordan Schmaltz is hit by Andrey Pedan and loses puck.
2:32 of 2nd period - Wrist shot by Corey Trivino.
2:32 of 2nd period - Shot Hit the Post.
3:02 of 2nd period - Wrist shot by Ty Rattie.
3:02 of 2nd period - Stopped by Jean-Francois Berube without a rebound.
3:03 of 2nd period - Karson Kuhlman wins face-off versus Matthew Tkachuk in Reign zone.
3:04 of 2nd period - Slapshot by Adam Fox.
3:04 of 2nd period - Shot Blocked by Thomas Chabot.
3:14 of 2nd period - Slapshot by Adam Fox.
3:14 of 2nd period - Shot Blocked by Dylan Blujus.
3:30 of 2nd period - Andrei Mironov is hit by Matthew Tkachuk and loses puck.
3:43 of 2nd period - Snap shot by Matthew Tkachuk.
3:43 of 2nd period - Stopped by Igor Shesterkin with a rebound.
3:45 of 2nd period - Slapshot by Jack Dougherty.
3:45 of 2nd period - Shot Misses the Net.
3:47 of 2nd period - Wrist shot by Christian Dvorak.
3:47 of 2nd period - Stopped by Igor Shesterkin with a rebound.
3:49 of 2nd period - Slapshot by Matthew Tkachuk.
3:49 of 2nd period - Stopped by Igor Shesterkin without a rebound.
3:50 of 2nd period - Corey Trivino wins face-off versus Jack Roslovic in Rocket zone.
3:55 of 2nd period - Snap shot by Mattias Tedenby.
3:55 of 2nd period - Stopped by Jean-Francois Berube with a rebound.
4:21 of 2nd period - Off-side.
4:22 of 2nd period - Brendan Gaunce wins face-off versus Corey Trivino in neutral zone.
4:27 of 2nd period - Snap shot by Brendan Gaunce.
4:27 of 2nd period - Stopped by Igor Shesterkin without a rebound.
4:28 of 2nd period - Jack Roslovic wins face-off versus Corey Trivino in Rocket zone.
4:39 of 2nd period - Slapshot by Vince Hinostroza.
4:39 of 2nd period - Stopped by Igor Shesterkin with a rebound.
4:41 of 2nd period - Snap shot by Timo Meier.
4:41 of 2nd period - Shot Misses the Net.
4:43 of 2nd period - Snap shot by Jack Roslovic.
4:43 of 2nd period - Stopped by Igor Shesterkin with a rebound.
4:53 of 2nd period - A.J. Jenks is hit by Viktor Loov and loses puck.
5:24 of 2nd period - Wrist shot by Dominic Turgeon.
5:24 of 2nd period - Stopped by Jean-Francois Berube without a rebound.
5:25 of 2nd period - Jack Roslovic wins face-off versus Corey Trivino in Reign zone.
6:17 of 2nd period - Dylan Blujus is hit by Kole Sherwood and loses puck.
6:28 of 2nd period - Snap shot by Jacob Josefson.
6:28 of 2nd period - Stopped by Igor Shesterkin with a rebound.
6:49 of 2nd period - Slapshot by Viktor Loov.
6:49 of 2nd period - Shot Blocked by Jordan Schmaltz.
6:55 of 2nd period - Snap shot by Timo Meier.
6:55 of 2nd period - Stopped by Igor Shesterkin with a rebound.
6:57 of 2nd period - Snap shot by Jack Roslovic.
6:57 of 2nd period - Shot Misses the Net.
6:59 of 2nd period - Slapshot by Jordan Schmaltz.
6:59 of 2nd period - Stopped by Igor Shesterkin with a rebound.
7:29 of 2nd period - Wrist shot by Adrian Kempe.
7:29 of 2nd period - Stopped by Jean-Francois Berube with a rebound.
7:31 of 2nd period - Snap shot by Dominic Turgeon.
7:31 of 2nd period - Goal by Dominic Turgeon - Rocket : 2 - Reign : 1.
7:32 of 2nd period - Mattias Tedenby wins face-off versus Jack Roslovic in neutral zone.
7:48 of 2nd period - Slapshot by Vince Hinostroza.
7:48 of 2nd period - Stopped by Igor Shesterkin with a rebound.
7:58 of 2nd period - Tyler Pitlick is hit by Danton Heinen and loses puck.
8:07 of 2nd period - Wrist shot by Tyler Pitlick.
8:07 of 2nd period - Stopped by Igor Shesterkin with a rebound.
8:47 of 2nd period - Wrist shot by Christian Dvorak.
8:47 of 2nd period - Shot Misses the Net.
8:59 of 2nd period - Slapshot by Andrei Mironov.
8:59 of 2nd period - Deflect By Thomas Chabot.
8:59 of 2nd period - Stopped by Jean-Francois Berube without a rebound.
9:00 of 2nd period - Jack Roslovic wins face-off versus Corey Trivino in Reign zone.
9:05 of 2nd period - Wrist shot by Jack Roslovic.
9:05 of 2nd period - Deflect By Timo Meier.
9:05 of 2nd period - Stopped by Igor Shesterkin without a rebound.
9:06 of 2nd period - Jack Roslovic wins face-off versus Corey Trivino in Rocket zone.
9:11 of 2nd period - Snap shot by Jack Roslovic.
9:11 of 2nd period - Stopped by Igor Shesterkin with a rebound.
9:19 of 2nd period - Jack Roslovic is hit by Corey Trivino and loses puck.
10:03 of 2nd period - Slapshot by Dominic Turgeon.
10:03 of 2nd period - Stopped by Jean-Francois Berube with a rebound.
10:05 of 2nd period - Wrist shot by Dominic Turgeon.
10:05 of 2nd period - Stopped by Jean-Francois Berube without a rebound.
10:06 of 2nd period - Jack Roslovic wins face-off versus Corey Trivino in Reign zone.
10:55 of 2nd period - Dylan Blujus is hit by Jiri Sekac and loses puck.
11:14 of 2nd period - Snap shot by Thomas Chabot.
11:14 of 2nd period - Stopped by Igor Shesterkin without a rebound.
11:15 of 2nd period - Corey Trivino wins face-off versus Joel Eriksson Ek in Rocket zone.
11:29 of 2nd period - Slapshot by Corey Trivino.
11:29 of 2nd period - Goal by Corey Trivino - Rocket : 3 - Reign : 1.
11:30 of 2nd period - Corey Trivino wins face-off versus Jack Roslovic in neutral zone.
11:33 of 2nd period - Snap shot by Adam Fox.
11:33 of 2nd period - Stopped by Jean-Francois Berube with a rebound.
11:35 of 2nd period - Slapshot by Corey Trivino.
11:35 of 2nd period - Shot Misses the Net.
11:37 of 2nd period - Wrist shot by Brandon Pirri.
11:37 of 2nd period - Shot Misses the Net.
11:55 of 2nd period - Adrian Kempe is hit by Brendan Gaunce and loses puck.
12:29 of 2nd period - Icing by Matthew Tkachuk.
12:30 of 2nd period - Mattias Tedenby wins face-off versus Jacob Josefson in Reign zone.
13:03 of 2nd period - Wrist shot by Matthew Tkachuk.
13:03 of 2nd period - Shot Misses the Net.
13:26 of 2nd period - Minor Penalty to Brandon Pirri for Slashing.
13:27 of 2nd period - Brendan Gaunce wins face-off versus Dominic Turgeon in Rocket zone.
13:37 of 2nd period - Slapshot by Jiri Sekac.
13:37 of 2nd period - Shot Misses the Net.
14:16 of 2nd period - Slapshot by Thomas Chabot.
14:16 of 2nd period - Shot Misses the Net.
14:18 of 2nd period - Snap shot by Thomas Chabot.
14:18 of 2nd period - Shot Blocked by Dylan DeMelo.
15:26 of 2nd period - Penalty to Brandon Pirri is over, Brandon Pirri is back on ice.
15:40 of 2nd period - Slapshot by Andrey Pedan.
15:40 of 2nd period - Stopped by Jean-Francois Berube without a rebound.
15:41 of 2nd period - Karson Kuhlman wins face-off versus Joel Eriksson Ek in Reign zone.
15:50 of 2nd period - Slapshot by Joachim Blichfeld.
15:50 of 2nd period - Stopped by Igor Shesterkin with a rebound.
15:52 of 2nd period - Wrist shot by Josh Anderson.
15:52 of 2nd period - Shot Misses the Net.
15:54 of 2nd period - Snap shot by Brendan Guhle.
15:54 of 2nd period - Deflect By Joachim Blichfeld.
15:54 of 2nd period - Shot Misses the Net.
15:54 of 2nd period - Puck is out of play.
15:55 of 2nd period - Corey Trivino wins face-off versus Brendan Gaunce in Rocket zone.
16:51 of 2nd period - Off-side.
16:52 of 2nd period - Brendan Gaunce wins face-off versus Corey Trivino in neutral zone.
17:05 of 2nd period - Snap shot by Nikita Tryamkin.
17:05 of 2nd period - Shot Misses the Net.
17:31 of 2nd period - Mattias Tedenby is hit by Thomas Chabot and loses puck.
17:49 of 2nd period - Double Minor Penalty to Jack Roslovic for Roughing.
17:50 of 2nd period - Brendan Gaunce wins face-off versus Peter Holland in Reign zone.
18:01 of 2nd period - Off-side.
18:02 of 2nd period - Brendan Gaunce wins face-off versus Corey Trivino in neutral zone.
18:30 of 2nd period - Snap shot by Brendan Gaunce.
18:30 of 2nd period - Shot Blocked by Adam Fox.
18:44 of 2nd period - Backhand shot by Mattias Tedenby.
18:44 of 2nd period - Shot Misses the Net.
18:56 of 2nd period - Snap shot by Corey Trivino.
18:56 of 2nd period - Shot Misses the Net.
18:58 of 2nd period - Snap shot by Corey Trivino.
18:58 of 2nd period - Shot Blocked by Dylan Blujus.
19:04 of 2nd period - Slapshot by Mattias Tedenby.
19:04 of 2nd period - Shot Blocked by Brendan Gaunce.
19:08 of 2nd period - Wrist shot by Mattias Tedenby.
19:08 of 2nd period - Stopped by Jean-Francois Berube without a rebound.
19:09 of 2nd period - Peter Holland wins face-off versus Jacob Josefson in Reign zone.
Goals for this period are 2 for Rocket vs 0 for Reign.
Shots for this period are 12 for Rocket vs 16 for Reign.

3rd period


0:01 of 3rd period - Brendan Gaunce wins face-off versus Corey Trivino in neutral zone.
0:26 of 3rd period - Christian Dvorak is hit by Peter Holland and loses puck.
1:49 of 3rd period - Penalty to Jack Roslovic is over, Jack Roslovic is back on ice.
3:24 of 3rd period - Thomas Chabot is hit by Corey Trivino and loses puck.
4:29 of 3rd period - Christian Dvorak is hit by Kole Sherwood and loses puck.
4:48 of 3rd period - Slapshot by Joachim Blichfeld.
4:48 of 3rd period - Goal by Joachim Blichfeld - Rocket : 3 - Reign : 2.
4:49 of 3rd period - Corey Trivino wins face-off versus Timo Meier in neutral zone.
4:52 of 3rd period - Snap shot by Adam Fox.
4:52 of 3rd period - Deflect By Mattias Tedenby.
4:52 of 3rd period - Shot Blocked by Nikita Tryamkin.
4:52 of 3rd period - Puck is out of play.
4:53 of 3rd period - Jack Roslovic wins face-off versus Corey Trivino in Reign zone.
5:18 of 3rd period - Off-side.
5:19 of 3rd period - Brendan Gaunce wins face-off versus Peter Holland in neutral zone.
5:26 of 3rd period - Slapshot by Tyler Pitlick.
5:26 of 3rd period - Deflect By Adrian Kempe.
5:26 of 3rd period - Shot Misses the Net.
5:26 of 3rd period - Puck is out of play.
5:27 of 3rd period - Jack Roslovic wins face-off versus Corey Trivino in Rocket zone.
5:46 of 3rd period - Brandon Pirri is hit by Jack Roslovic and loses puck.
6:19 of 3rd period - Icing by Dominic Turgeon.
6:20 of 3rd period - Jacob Josefson wins face-off versus Dominic Turgeon in Rocket zone.
6:33 of 3rd period - Snap shot by Jiri Sekac.
6:33 of 3rd period - Shot Blocked by Christian Dvorak.
6:35 of 3rd period - Slapshot by Dylan DeMelo.
6:35 of 3rd period - Stopped by Jean-Francois Berube without a rebound.
6:36 of 3rd period - Corey Trivino wins face-off versus Brendan Gaunce in Reign zone.
6:45 of 3rd period - Snap shot by Corey Trivino.
6:45 of 3rd period - Shot Misses the Net.
6:47 of 3rd period - Wrist shot by Brandon Pirri.
6:47 of 3rd period - Deflect By Mattias Tedenby.
6:47 of 3rd period - Shot Misses the Net.
6:47 of 3rd period - Puck is out of play.
6:48 of 3rd period - Jack Roslovic wins face-off versus Corey Trivino in Reign zone.
6:50 of 3rd period - Minor Penalty to Timo Meier for Hooking.
6:51 of 3rd period - Brendan Gaunce wins face-off versus Mattias Tedenby in Reign zone.
8:50 of 3rd period - Penalty to Timo Meier is over, Timo Meier is back on ice.
9:49 of 3rd period - Wrist shot by Timo Meier.
9:49 of 3rd period - Stopped by Igor Shesterkin without a rebound.
9:50 of 3rd period - Peter Holland wins face-off versus Joel Eriksson Ek in Rocket zone.
10:17 of 3rd period - A.J. Jenks is hit by Karson Kuhlman and loses puck.
10:30 of 3rd period - Vince Hinostroza is hit by Ty Rattie and loses puck.
10:43 of 3rd period - Viktor Loov is hit by Joel Eriksson Ek and loses puck.
10:56 of 3rd period - Matthew Tkachuk is hit by Kole Sherwood and loses puck.
11:13 of 3rd period - Joel Eriksson Ek is hit by Danton Heinen and loses puck.
11:20 of 3rd period - Slapshot by Adrian Kempe.
11:20 of 3rd period - Shot Misses the Net.
11:22 of 3rd period - Snap shot by Adrian Kempe.
11:22 of 3rd period - Stopped by Jean-Francois Berube without a rebound.
11:23 of 3rd period - Jack Roslovic wins face-off versus Corey Trivino in Reign zone.
11:36 of 3rd period - Jack Roslovic is hit by Brandon Pirri and loses puck.
11:48 of 3rd period - Off-side.
11:49 of 3rd period - Jacob Josefson wins face-off versus Peter Holland in neutral zone.
12:18 of 3rd period - Slapshot by Mattias Tedenby.
12:18 of 3rd period - Shot Misses the Net.
12:39 of 3rd period - Slapshot by Adam Fox.
12:39 of 3rd period - Stopped by Jean-Francois Berube without a rebound.
12:40 of 3rd period - Tyler Pitlick wins face-off versus Corey Trivino in Reign zone.
13:07 of 3rd period - Andrei Mironov is hit by Jack Roslovic and loses puck.
13:33 of 3rd period - Wrist shot by Jiri Sekac.
13:33 of 3rd period - Stopped by Jean-Francois Berube with a rebound.
13:47 of 3rd period - Snap shot by Christian Dvorak.
13:47 of 3rd period - Shot Blocked by Dylan DeMelo.
13:52 of 3rd period - Off-side.
13:53 of 3rd period - Corey Trivino wins face-off versus Jack Roslovic in neutral zone.
14:20 of 3rd period - Dean Kukan is hit by A.J. Jenks and loses puck.
14:49 of 3rd period - Brendan Guhle is hit by Jiri Sekac.
15:32 of 3rd period - Icing by Joel Eriksson Ek.
15:33 of 3rd period - Joel Eriksson Ek wins face-off versus Dominic Turgeon in Reign zone.
15:40 of 3rd period - Snap shot by Joachim Blichfeld.
15:40 of 3rd period - Shot Misses the Net.
15:42 of 3rd period - Snap shot by Joachim Blichfeld.
15:42 of 3rd period - Stopped by Igor Shesterkin without a rebound.
15:43 of 3rd period - Kole Sherwood wins face-off versus Joel Eriksson Ek in Rocket zone.
15:43 of 3rd period - Kole Sherwood is hit by Josh Anderson.
15:50 of 3rd period - Icing by Dominic Turgeon.
15:51 of 3rd period - Joel Eriksson Ek wins face-off versus Dominic Turgeon in Rocket zone.
16:41 of 3rd period - Slapshot by Viktor Loov.
16:41 of 3rd period - Stopped by Jean-Francois Berube with a rebound.
16:51 of 3rd period - Wrist shot by A.J. Jenks.
16:51 of 3rd period - Stopped by Igor Shesterkin without a rebound.
16:52 of 3rd period - Peter Holland wins face-off versus Joel Eriksson Ek in Rocket zone.
17:05 of 3rd period - Icing by Thomas Chabot.
17:06 of 3rd period - Joel Eriksson Ek wins face-off versus Corey Trivino in Reign zone.
18:01 of 3rd period - Off-side.
18:02 of 3rd period - Joel Eriksson Ek wins face-off versus Dominic Turgeon in neutral zone.
18:46 of 3rd period - Minor Penalty to A.J. Jenks for Charging.
18:47 of 3rd period - Corey Trivino wins face-off versus Brendan Gaunce in Reign zone.
18:47 of 3rd period - Snap shot by Mattias Tedenby.
18:47 of 3rd period - Goal by Mattias Tedenby - Rocket : 4 - Reign : 2.
18:48 of 3rd period - Jacob Josefson wins face-off versus Dominic Turgeon in neutral zone.
18:51 of 3rd period - Adam Fox is hit by Thomas Chabot and loses puck.
19:00 of 3rd period - Jacob Josefson is hit by Kole Sherwood and loses puck.
19:13 of 3rd period - Dylan Blujus is hit by Brandon Pirri.
19:24 of 3rd period - Icing by Joel Eriksson Ek.
19:25 of 3rd period - Dominic Turgeon wins face-off versus Joel Eriksson Ek in Reign zone.
19:28 of 3rd period - Slapshot by Dominic Turgeon.
19:28 of 3rd period - Deflect By Kole Sherwood.
19:28 of 3rd period - Shot Blocked by Thomas Chabot.
19:28 of 3rd period - Puck is out of play.
19:29 of 3rd period - Jacob Josefson wins face-off versus Dominic Turgeon in Reign zone.
19:35 of 3rd period - Minor Penalty to Jiri Sekac for Hooking.
19:36 of 3rd period - Dominic Turgeon wins face-off versus Brendan Gaunce in Rocket zone.
Goals for this period are 1 for Rocket vs 1 for Reign.
Shots for this period are 6 for Rocket vs 4 for Reign.